 Dungeon Crawl Stone Soup version 0.31-a0-1278-g11c5b68f87 (webtiles) character file.

Game seed: 15098277325535370087

22 dialectric the Slasher (level 2, 0/25 HPs)
             Began as a Minotaur Gladiator on Dec 17, 2023.
             Slain by Sigmund
             ... wielding a +0 scythe
              (10 damage)
             ... on level 2 of the Dungeon.
             The game lasted 00:00:56 (1074 turns).

dialectric the Slasher (Minotaur Gladiator)         Turns: 1074, Time: 00:00:58

Health: 0/25       AC:  3    Str: 18    XL:     2   Next: 68%
Magic:  1/1        EV:  9    Int:  5    God:
Gold:   39         SH:  0    Dex: 11    Spells: 1/1 levels left

rFire   . . .        a - +0 long sword
rCold   . . .        (no shield)
rNeg    . . .        b - +0 leather armour
rPois   .            c - +0 hat
rElec   .            (no cloak)
rCorr   .            (no gloves)
SInv    .            (no boots)
Will    .....        (no amulet)
Stlth   +            (no ring)
HPRegen 0.24/turn    (no ring)
MPRegen 0.07/turn

%: no passive effects
@: constricted
A: horns 2, retaliatory headbutt
a: no special abilities


You were on level 2 of the Dungeon.
You visited 1 branch of the dungeon, and saw 2 of its levels.

You collected 39 gold pieces.

Inventory:

Hand Weapons
 a - a +0 long sword (weapon)
 l - a +0 morningstar
Missiles
 d - 3 throwing nets (quivered)
 e - a javelin
Armour
 b - a +0 leather armour (worn)
 c - a +0 hat (worn)
Scrolls
 f - 2 scrolls of revelation {unknown}
 h - a scroll of identify {unknown}
 i - a scroll of brand weapon {unknown}
 j - a scroll of fog {unknown}
Potions
 k - a potion of resistance {unknown}


   Skills:
 + Level 2.8 Fighting
 + Level 4.0 Long Blades
 - Level 2.0 Throwing
 + Level 1.2 Armour
 + Level 3.6 Dodging


You had one spell level left.
You didn't know any spells.
Your spell library was empty.

Dungeon Overview and Level Annotations

Branches:
Dungeon (2/15)

Altars:

Shops:
D:2 [

Annotations:
D:2 Sigmund, Terence


Innate Abilities, Weirdness & Mutations

You have a pair of horns on your head.
You reflexively headbutt those who attack you in melee.


Message History

Sigmund points at you and mumbles some strange words.
You resist with significant effort.
The ball python attacks as it pursues you!
The ball python bites you but does no damage.
The ball python grabs you. The ball python constricts you.
* * * LOW HITPOINT WARNING * * *
The ball python's grasp on you weakens, but your attempt to escape fails.
The ball python completely misses you. You furiously retaliate!
You headbutt the ball python. The ball python constricts you.
You escape the ball python's grasp.
It was a potion of curing.
You feel better.
The ball python bites you but does no damage.
The ball python grabs you. The ball python constricts you.
Sigmund gestures wildly while chanting.
Sigmund flickers and vanishes!
Deactivating autopickup; reactivate with Ctrl-A.
You escape the ball python's grasp.
The ball python attacks as it pursues you!
The ball python bites you but does no damage.
The ball python grabs you. The ball python constricts you.
You escape the ball python's grasp.
The ball python attacks as it pursues you!
The ball python misses you. x2
The ball python barely misses you. The ball python misses you.
The ball python closely misses you. The ball python grabs you.
The ball python constricts you.
You escape the ball python's grasp.
Terence looks scornfully at you.
There is a stone staircase leading up here.
The ball python misses you. x2
You climb upwards.
Reactivating autopickup.
There is a stone staircase leading down here.
You climb downwards.
Level annotation: Sigmund, Terence Terence hits you with a +0 mace!
The ball python bites you but does no damage.
The ball python grabs you. The ball python constricts you.
Terence hits you with a +0 mace. Something hits you!
You die...

....... ....... .......
#....>. #<..... #..>...
#...... ####+###
#...... #....@.#
######### +...S.@#
#........ #..<...#
#........
#......#######........
#.....................
#......#######.#≈≈≈..#
#..........# #.#≈∩≈..#
####.##.##.# #.#≈.≈..#
#####.......###.#≈.≈..#


You could see Terence and a ball python.

Vanquished Creatures
  An orc (D:2)
  2 bats (D:1)
  2 endoplasms (D:1)
  2 goblins (D:1)
  5 hobgoblins (D:1)
  A quokka (D:1)
  A ball python (D:1)
  3 kobolds (D:1)
  A rat (D:1)
18 creatures vanquished.

Notes
Turn   | Place    | Note
-------+----------+-------------------------------------------
     0 | D:1      | dialectric the Minotaur Gladiator began the quest for the
                  | Orb.
     0 | D:1      | Reached XP level 1. HP: 18/18 MP: 0/0
   232 | D:1      | Reached XP level 2. HP: 25/25 MP: 1/1
   447 | D:1      | Reached skill level 1 in Armour
   692 | D:1      | Found a faded altar of an unknown god.
   972 | D:2      | Found Licab's Antique Armour Emporium.
   974 | D:2      | Reached skill level 4 in Long Blades
  1042 | D:2      | Noticed Terence
  1044 | D:2      | Noticed Sigmund
  1074 | D:2      | Slain by Sigmund

Illustrated notes

Levels and vault maps discovered:
D:1:      tarquinn_simple_flora_water_e, layout_loops_corners,
          shapermc_ecumenical_altar_mp_highgroup
D:2:      layout_basic, serial_shops, nicolae_shop_peninsula, uniq_sigmund,
          uniq_terence

Skill      XL: |  1  2 |
---------------+-------+-----
Armour         | 1 |  1.2
Long Blades    | 4 |  4.0
Fighting       | |  2.8
Throwing       | |  2.0
Dodging        | |  3.6

Action                     || total
---------------------------++-------
  Melee: Long sword        ||    25
         Headbutt          ||     2
    Use: Potion            ||     1
 Armour: Leather armour    ||    30
  Dodge: Dodged            ||    23

Table legend: (Time is in decaauts)
 A = Elapsed time spent in this place.
 B = Non-inter-level travel time spent in this place.
 C = Inter-level travel time spent in this place.
 D = Time resting spent in this place.
 E = Time spent auto-exploring this place.
 F = Levels seen in this place.
 G = Mean time per level.
                   A        B        C        D        E       F      G
               +--------+--------+--------+--------+--------+-----+--------+
         Total |   1079 |   1034 |     45 |      0 |    879 |   2 |  539.5 |
       Dungeon |   1079 |   1034 |     45 |      0 |    879 |   2 |  539.5 |
               +--------+--------+--------+--------+--------+-----+--------+

Top non-repeatable levels by time:
     D:1: 979 daAuts
     D:2: 100 daAuts
